 Dungeon Crawl Stone Soup version 0.24.0-13-gcf9b3192b9 (webtiles) character file.

Game seed: 14615876410172609455, levelgen mode: deterministic

742 Sommings the Cutter (level 7, -1/53 (58) HPs)
             Began as a Minotaur Berserker on Nov 10, 2019.
             Was an Initiate of Ashenzari.
             Slain by a black bear (6 damage)
             ... created by the rage of Trog
             ... on level 4 of the Dungeon.
             The game lasted 00:53:18 (4859 turns).

Sommings the Cutter (Minotaur Berserker)            Turns: 4859, Time: 00:53:19

HP:   -1/53 (58)    AC: 10    Str: 17    XL:     7   Next: 47%
MP:   0/6           EV:  7    Int:  9    God:    Ashenzari [......]
Gold: 188           SH:  0    Dex: 11    Spells: 6/6 levels left

rFire    . . .     SeeInvis +   p - +2 short sword (drain)
rCold    . . .     Gourm    .   (no shield)
rNeg     + . .     Faith    .   s - +0 chain mail
rPois    +         Spirit   +   (helmet restricted)
rElec    .         Reflect  .   n - scarf {Spirit}
rCorr    .         Harm     .   (no gloves)
MR       .....                  d - +0 pair of boots "Ucutirac" {rN+ Str-5 SInv} (curse)
Stlth    ..........             (no amulet)
HPRegen  0.17/turn              i - ring of poison resistance
MPRegen  0.10/turn              y - ring of see invisible

@: brilliant
A: retaliatory headbutt, horns 2
a: Curse Item, Renounce Religion


You were on level 4 of the Dungeon.
You worshipped Ashenzari.
Ashenzari was noncommittal.
You were not hungry.

You visited 2 branches of the dungeon, and saw 5 of its levels.

You collected 188 gold pieces.

Inventory:

Hand Weapons
 a - a +0 spear
 l - a +0 falchion
 p - a +2 short sword of draining (weapon)
 t - a cursed -2 whip
 x - a +2 dagger of venom
 B - a +0 hunting sling
Missiles
 b - 28 bolts
 j - 60 arrows
 r - 9 boomerangs
 w - 28 stones
 A - 24 poisoned darts (quivered)
Armour
 d - the cursed +0 pair of boots "Ucutirac" (worn) {rN+ Str-5 SInv}
   (You found it on level 4 of the Dungeon)

   It affects your strength (-5).
   It protects you from negative energy.
   It lets you see invisible.
   It has a curse placed upon it.
 n - a scarf of spirit shield (worn)
 s - a +0 chain mail (worn)
 C - a +0 pair of boots
Jewellery
 i - a ring of poison resistance (left hand)
 y - a ring of see invisible (right hand)
Scrolls
 f - a scroll of teleportation {unknown}
 h - a scroll of enchant armour {unknown}
 k - 3 scrolls of remove curse
 m - 3 scrolls of blinking {unknown}
 o - a scroll of immolation {unknown}
 u - 4 scrolls of identify {unknown}
 E - 2 scrolls of amnesia {unknown}
 F - 2 scrolls of fog {unknown}
Potions
 e - 2 potions of heal wounds {unknown}
 g - a potion of haste {unknown}
 q - 2 potions of agility {unknown}
 z - a potion of magic {unknown}
 G - a potion of mutation {unknown}
Comestibles
 c - 6 rations


   Skills:
 - Level 3.9 Fighting
 * Level 6.7 Short Blades
 - Level 4.7 Polearms
 + Level 4.2 Throwing
 - Level 2.6 Armour
 - Level 2.2 Dodging


You had 6 spell levels left.
You didn't know any spells.
Your spell library was empty.

Dungeon Overview and Level Annotations

Branches:
Dungeon (4/15)             Temple (1/1) D:4

Altars:
Ashenzari
Fedhas
Hepliaklqana
Makhleb
Ru
Uskayaw
Vehumet
Yredelemnul
The Shining One
Lugonu

Shops:
D:4 (


Innate Abilities, Weirdness & Mutations

You reflexively headbutt those who attack you in melee.
You have a pair of horns on your head.


Message History

The polar bear claws you but does no damage.
The polar bear bites you! The polar bear claws you.
The polar bear claws you but does no damage.
The black bear closely misses you. The black bear claws you.
The black bear claws you but does no damage.
It was a potion of brilliance.
You feel clever all of a sudden.
The black bear bites you but does no damage.
The black bear claws you but does no damage.
The black bear closely misses you. The black bear bites you!
The black bear claws you but does no damage.
The black bear claws you.
* * * LOW HITPOINT WARNING * * *
The polar bear bites you.
* * * LOW HITPOINT WARNING * * *
The polar bear claws you.
* * * LOW HITPOINT WARNING * * *
The polar bear claws you but does no damage.
The black bear bites you!
You die...

#..#......[.......#...##..
##.........)).<..#.###..##.
#.........).)....#####...#.
#...#............## #......
#######.##............# #......
#.....####............# ##.....
#.....###.............###......
###............hhh.......##......
..............#.@h.......##......
##.......#.....hh................
######...###.........<#..........
# #######..........##......... #
#.........>..##......... #
#.........>...#.....#### #
##...................### #
#..###.........##...#.. # ####
##...#....#.......


You could see 2 polar bears and 4 black bears.

Vanquished Creatures
  Grinder (D:3)
  The ghost of Descartes the Sneak, an amateur SpAE (D:3)
  2 ogres
  3 worker ants (D:4)
  8 adders
  3 gnolls (D:4)
  An ooze (D:2)
  4 worms
  A dart slug (D:1)
  4 leopard geckos
  10 orcs
  3 giant cockroaches
  8 hobgoblins
  4 jackals
  A ball python (D:4)
  7 bats
  5 frilled lizards
  11 goblins
  4 kobolds
  11 rats
92 creatures vanquished.

Notes
Turn   | Place    | Note
-------+----------+-------------------------------------------
     0 | D:1      | Sommings the Minotaur Berserker began the quest for the
                  | Orb.
     0 | D:1      | Reached XP level 1. HP: 19/19 MP: 0/0
   760 | D:2      | Reached XP level 2. HP: 24/27 MP: 1/1
  1843 | D:2      | Reached XP level 3. HP: 33/33 MP: 2/2
  1884 | D:2      | Reached skill level 1 in Short Blades
  1982 | D:2      | Reached skill level 1 in Throwing
  2136 | D:2      | You fall into a shaft and drop 1 floor!
  2143 | D:3      | Reached skill level 2 in Short Blades
  2143 | D:3      | Reached XP level 4. HP: 37/40 MP: 1/3
  2145 | D:3      | Reached ** piety under Trog
  2413 | D:3      | Noticed an ogre
  2428 | D:3      | Killed an ogre
  2428 | D:3      | Reached skill level 3 in Short Blades
  2428 | D:3      | Reached XP level 5. HP: 19/46 MP: 1/4
  2848 | D:2      | Reached skill level 4 in Short Blades
  3518 | D:3      | Noticed Grinder
  3522 | D:3      | Paralysed by Grinder for 2 turns
  3538 | D:3      | Paralysed by Grinder for 7 turns
  3548 | D:3      | Killed Grinder
  3548 | D:3      | Reached skill level 5 in Short Blades
  3548 | D:3      | Reached XP level 6. HP: 5/52 MP: 0/5
  3573 | D:3      | Found a runed translucent door.
  3574 | D:3      | Noticed Descartes's ghost (amateur SpAE)
  4023 | D:3      | Killed Descartes's ghost
  4023 | D:3      | Reached XP level 7. HP: 49/58 MP: 6/6
  4089 | D:4      | Reached skill level 6 in Short Blades
  4128 | D:4      | Got a pair of warped boots
  4139 | D:4      | Identified the cursed +0 pair of boots "Ucutirac" {rN+
                  | Str-5 SInv} (You found it on level 4 of the Dungeon)
  4148 | D:4      | Found a sand-covered staircase.
  4191 | D:4      | Found a basalt altar of Yredelemnul.
  4389 | D:4      | Found a staircase to the Ecumenical Temple.
  4417 | Temple   | Entered the Ecumenical Temple
  4517 | Temple   | Fell from the grace of Trog
  4517 | Temple   | Became a worshipper of Ashenzari the Shackled
  4703 | D:4      | Found Iqedostyu's Antique Weapon Shoppe.
  4857 | D:4      | Noticed a polar bear
  4857 | D:4      | Noticed a polar bear
  4859 | D:4      | Slain by a black bear

Levels and vault maps discovered:
D:1:      tarquinn_simple_flora_water_e, layout_loops_ring, minivault_11
D:2:      layout_basic, minmay_split_cup_large
D:3:      layout_basic, gammafunk_ghost_grave, first_ration, hex_intersection,
          uniq_grinder
D:4:      layout_cave_pools, lemuel_coloured_pillars_altar,
          minmay_temple_entry_mist, serial_shops, nicolae_shop_trees,
          enter_ossuary_1
Temple:   corrupted_temple

Skill      XL: |  1  2  3  4  5  6  7 |
---------------+----------------------+-----
Polearms       | 4 |  4.7
Short Blades   | 2 3 5 6 |  6.7
Throwing       | 1 2 3 4 |  4.2
Fighting       | |  3.9
Armour         | |  2.6
Dodging        | |  2.2

Action                   |  1- 3 |  4- 6 |  7- 9 || total
-------------------------+-------+-------+-------++-------
Melee: Spear             |    30 |       |       ||    30
       Headbutt          |     7 |    15 |    13 ||    35
       Short sword       |    38 |    92 |    62 ||   192
  Use: Potion            |       |     2 |     2 ||     4
  Eat: Ration            |     1 |     2 |     1 ||     4
Armor: Animal skin       |     3 |       |       ||     3
       Ring mail         |     5 |       |       ||     5
       Chain mail        |    30 |    48 |    61 ||   139
Dodge: Dodged            |    34 |    33 |    41 ||   108
